 Dungeon Crawl Stone Soup version 0.30.0-19-g36f170ea60 (webtiles) character file.

Game seed: 18119362037647632942

123 GimliDwarf the Conjurer (level 4, -1/24 HPs)
             Began as a Deep Elf Conjurer on June 1, 2023.
             Was a Follower of Sif Muna.
             Slain by a river rat (7 damage)
             ... on level 4 of the Dungeon.
             The game lasted 00:07:59 (2771 turns).

GimliDwarf the Conjurer (Deep Elf Conjurer)         Turns: 2771, Time: 00:08:00

Health: -1/24      AC:  5    Str:  4    XL:     4   Next: 79%
Magic:  4/11       EV: 12    Int: 25    God:    Sif Muna [*.....]
Gold:   91         SH:  0    Dex: 13    Spells: 0/10 levels left

rFire   . . .        k - +0 dagger (venom)
rCold   . . .        (no shield)
rNeg    + . .        a - +0 robe
rPois   .            r - +2 hat
rElec   .            (no cloak)
rCorr   .            (no gloves)
SInv    .            l - +0 pair of boots
Will    +....        (no amulet)
Stlth   +            h - ring of positive energy
HPRegen 0.24/turn    m - ring of willpower
MPRegen 0.12/turn

%: no passive effects
@: very slow
A: no striking features
a: Renounce Religion, Channel Magic


You were on level 4 of the Dungeon.
You worshipped Sif Muna.
Sif Muna was aware of your devotion.
You visited 1 branch of the dungeon, and saw 4 of its levels.

You collected 91 gold pieces.

Inventory:

Hand Weapons
 k - a +0 dagger of venom (weapon)
Missiles
 f - 3 poisoned darts
 p - 10 javelins
Armour
 a - a +0 robe (worn)
 l - a +0 pair of boots (worn)
 r - a +2 hat (worn)
Jewellery
 h - a ring of positive energy (left hand)
 m - a ring of willpower (right hand)
Scrolls
 g - 5 scrolls of identify {unknown}
 i - 3 scrolls of teleportation {unknown}
Potions
 b - a potion of magic
 c - a potion of brilliance {unknown}
 e - a potion of haste {unknown}
 j - a potion of attraction {unknown}
 n - a potion of berserk rage {unknown}
 o - a potion of mutation {unknown}
 q - a potion of degeneration {unknown}
 s - 2 potions of flight {unknown}


   Skills:
 + Level 1.0 Throwing
 - Level 2.5 Dodging
 - Level 2.4 Stealth
 + Level 3.7 Spellcasting
 + Level 6.2 Conjurations
 * Level 1.1 Hexes


You couldn't memorise any spells.
You knew the following spells:

 Your Spells              Type           Power      Damage    Failure   Level
a - Magic Dart            Conj           100%       1d8       1%          1
b - Searing Ray           Conj           70%        2d7       1%          2
c - Dazzling Flash        Conj/Hex       44%        N/A       6%          3
d - Fulminant Prism       Conj/Hex       11%        3d8       21%         4

Your spell library contained the following spells:

 Spells                   Type           Power      Damage    Failure   Level
 Beastly Appendage        Tmut           8%         N/A       10%         1
 Sublimation of Blood     Necr           4%         N/A       14%         2
 Wereblood                Tmut           4%         N/A       14%         2
 Iskenderun's Mystic Bla  Conj/Tloc      20%        2d6       26%         4
 Spider Form              Tmut/Pois      4%         N/A       28%         3
 Irradiate                Conj/Tmut      10%        3d15      58%         5
 Petrify                  Tmut/Erth      4%         N/A       67%         4


Dungeon Overview and Level Annotations

Branches:
Dungeon (4/15)             Temple (0/1) D:4

Altars:
Gozag
Sif Muna

Shops:
D:1 [


Message History

Press: ? - help, Q - select action, (/) - cycle Shift-Dir - straight line, f - river rat
Aim: a river rat (100% to hit)
The magic dart hits the river rat but does no damage.
You closely miss the river rat. The river rat barely misses you.
Your unstable footing causes you to fumble your attack.
The river rat bites you but does no damage.
You barely miss the river rat. The river rat barely misses you.
You hit the river rat but do no damage.
The river rat is poisoned.
The river rat misses you.
You hit the river rat but do no damage.
The river rat looks as sick as possible!
You punch the river rat, but do no damage.
The river rat bites you.
Your unstable footing causes you to fumble your attack.
The river rat completely misses you.
Your unstable footing causes you to fumble your attack.
The river rat bites you.
Aiming: Magic Dart (safe; 1% risk of failure)
Press: ? - help, Q - select action, (/) - cycle Shift-Dir - straight line, f/p - river rat
Aim: a river rat (heavily wounded, extremely poisoned, 100% to hit)
The magic dart hits the river rat but does no damage.
The river rat is heavily wounded.
The river rat barely misses you.
Your unstable footing causes you to fumble your attack.
The river rat closely misses you.
Your unstable footing causes you to fumble your attack.
The river rat bites you.
Your unstable footing causes you to fumble your attack.
The river rat bites you!
Your unstable footing causes you to fumble your attack.
The river rat bites you but does no damage.
Aiming: Magic Dart (safe; 1% risk of failure)
Press: ? - help, Q - select action, (/) - cycle Shift-Dir - straight line, f/p - river rat
Aim: a river rat (heavily wounded, very poisoned, 100% to hit)
The magic dart hits the river rat but does no damage.
The river rat is heavily wounded.
The river rat bites you.
* * * LOW HITPOINT WARNING * * *
The river rat attacks as you move away! The river rat bites you!
You die...

,,,* *,* *,* *,**, **,*
*,**####.# *,,,,
*,***********###.....* *****
*,,,*~~~~~~*~~~#....#*
*,********~*~#~#~!..#
##,##*~~~~*~*~#~#~..#*
..,.,*∩**~~~~~#~†~~.#
..#.*********~#~#r..##
...#**~~~~~~~~#~@~...##* ...#
**~******#~#......#* ..<##
*~~~~~~~#~~~..##..*********
..#.###########~†...#**,,,,,,,,,,
####...........###..# *,*********
* ##.########.#**.## *,* ****#.#
#...,.# *,* ,,,,..# ####### *,*
***#### ***** *,*


You could see a river rat (very poisoned).

Vanquished Creatures
  Robin (D:2)
  3 adders (D:2)
  2 worms (D:3)
  A dart slug (D:1)
  An orc (D:3)
  3 bats (D:2)
  8 endoplasms
  5 giant cockroaches
  6 goblins (D:2)
  10 hobgoblins
  6 jackals (D:3)
  A quokka (D:2)
  5 ball pythons
  4 kobolds
  12 rats
68 creatures vanquished.

Notes
Turn   | Place    | Note
-------+----------+-------------------------------------------
     0 | D:1      | GimliDwarf the Deep Elf Conjurer began the quest for the
                  | Orb.
     0 | D:1      | Reached XP level 1. HP: 10/10 MP: 6/6
   186 | D:1      | Found Ciovyps's Antique Armour Boutique.
   269 | D:1      | Reached XP level 2. HP: 15/15 MP: 5/8
   272 | D:1      | Learned a level 2 spell: Searing Ray
   325 | D:1      | Reached skill level 5 in Conjurations
   333 | D:1      | Found a faded altar of an unknown god.
   694 | D:2      | Reached XP level 3. HP: 19/19 MP: 6/9
   834 | D:2      | Noticed Robin
   838 | D:2      | Killed Robin
  1110 | D:2      | Reached XP level 4. HP: 24/24 MP: 9/11
  1253 | D:2      | Reached skill level 1 in Throwing
  1434 | D:2      | Learned a level 3 spell: Dazzling Flash
  1551 | D:2      | Found a shimmering blue altar of Sif Muna.
  1566 | D:2      | Became a worshipper of Sif Muna the Loreminder
  1877 | D:2      | Learned a level 4 spell: Fulminant Prism
  1915 | D:3      | Reached skill level 6 in Conjurations
  2088 | D:3      | Reached skill level 1 in Hexes
  2285 | D:3      | Found an opulent altar of Gozag.
  2754 | D:4      | Reached * piety under Sif Muna
  2771 | D:4      | Slain by a river rat

Illustrated notes

Levels and vault maps discovered:
D:1:      enne_arrival_octagon_isle, layout_basic,
          shapermc_ecumenical_altar_pompeii, serial_shops, shop
D:2:      layout_loops_corners, basic_altar, uniq_robin
D:3:      layout_loops_ring, marbit_many_paths
D:4:      layout_loops_ring, minmay_temple_entry_statues_fountains,
          lightli_sewer_entry_pipes, enter_ossuary_1, uniq_menkaure,
          uniq_eustachio

Skill      XL: |  1  2  3  4 |
---------------+-------------+-----
Conjurations   | 5 6 |  6.2
Throwing       | 1 |  1.0
Hexes          | 1 |  1.1
Dodging        | |  2.5
Stealth        | |  2.4
Spellcasting   | |  3.7

Action                     |  1- 3 |  4- 6 || total
---------------------------+-------+-------++-------
  Melee: Dagger            |       |    14 ||    14
         Punch             |       |     1 ||     1
   Cast: Magic Dart        |    49 |    59 ||   108
         Searing Ray       |     2 |     3 ||     5
    Use: Scroll            |       |     1 ||     1
 Armour: Robe              |     1 |     2 ||     3
  Dodge: Dodged            |     1 |     8 ||     9
